 Dungeon Crawl Stone Soup version 0.28-a0-834-g1a73be5ee4 (webtiles) character file.

Game seed: 15672282524524225884

1146 oldriver the Magician (level 8, -8/55 HPs)
             Began as a Djinni Air Elementalist on Nov 12, 2021.
             Mangled by a two-headed ogre (24 damage)
             ... on level 5 of the Dungeon.
             The game lasted 00:16:26 (8696 turns).

oldriver the Magician (Djinni Air Elementalist)     Turns: 8696, Time: 00:16:27

Health: -8/55      AC:  3    Str: 10    XL:     8   Next: 64%
Gold:   256        EV: 12    Int: 18    God:
                   SH:  0    Dex: 15

rFire   + + +      SeeInvis .   x - +10 dagger of Arrival {speed, rF+ Str+3}
rCold   . . .      Faith    .   (no shield)
rNeg    . . .      Spirit   .   a - +0 robe
rPois   ∞          Reflect  .   v - +1 hat
rElec   .          Harm     .   (no cloak)
rCorr   .          Rampage  .   (no gloves)
Will    .....                   (boots unavailable)
Stlth   ++........              (no amulet)
HPRegen 0.18/turn               c - ring of protection from cold
MPRegen 0.00/turn               (no ring)

@: flying
A: sickness immunity, fire resistance 2, cold vulnerability 1, float, innate
caster, hp casting, extra vitality 1
a: no special abilities


You were on level 5 of the Dungeon.
You visited 1 branch of the dungeon, and saw 6 of its levels.
You also visited: Ossuary.

You collected 256 gold pieces.

Inventory:

Hand Weapons
 x - the +10 dagger of Arrival (weapon) {speed, rF+ Str+3}
   (You found it on level 6 of the Dungeon)

   Attacks with this weapon are significantly faster.
   Str:       It affects your strength (+3).
   rF:        It protects you from fire.
Armour
 a - a +0 robe (worn)
 v - a +1 hat (worn)
Magical Staves
 p - a staff of death
 s - a staff of earth
Jewellery
 c - a ring of protection from cold (left hand)
Wands
 b - a wand of iceblast (10)
 u - a wand of charming (5)
Scrolls
 d - a scroll of enchant weapon {unknown}
 g - 4 scrolls of teleportation {unknown}
 i - a scroll of summoning
 j - a scroll of noise {unknown}
 o - a scroll of holy word {unknown}
 t - a scroll of magic mapping
 w - a scroll of fear {unknown}
Potions
 f - 2 potions of haste {unknown}
 h - a potion of flight {unknown}
 k - a potion of magic {unknown}
 l - 2 potions of brilliance {unknown}
 m - 3 potions of lignification {unknown}
 n - a potion of heal wounds {unknown}


   Skills:
 * Level 2.8 Fighting
 + Level 2.5 Dodging
 + Level 2.4 Stealth
 * Level 7.2 Spellcasting


You had 5 spell levels left.
You knew the following spells:

 Your Spells              Type           Power      Damage    Failure   Level
a - Shock                 Conj/Air       100%       1d9       1%          1
b - Static Discharge      Conj/Air       32%        N/A       1%          2
c - Swiftness             Air            32%        N/A       1%          3
d - Airstrike             Air            16%        N/A       5%          4
e - Beastly Appendage     Tmut           64%        N/A       1%          1
f - Ensorcelled Hibernat  Hex/Ice        64%        N/A       1%          2
g - Teleport Other        Tloc           32%        N/A       1%          3
Your spell library was empty.

Dungeon Overview and Level Annotations

Branches:
Dungeon (6/15)            Ossuary (visited)
 Temple: D:4-7

Altars:
Elyvilon
Hepliaklqana
Qazlal
Wu Jian
Xom
The Shining One

Shops:
D:2 =   D:3 (![[


Innate Abilities, Weirdness & Mutations

You are immune to sickness and miasma.
You are immune to poison.
Your flesh is very heat resistant. (rF++)
You are vulnerable to cold. (rC-)
You float through the air rather than walking.
You learn spells naturally, not from books.
Your magical power is your life essence.
You have superior vitality. (+4 HP)


Message History

Casting: Static Discharge (safe; 1% risk of failure)
Confirm with . or Enter, or press ? or * to list all spells.
The bullfrog zombie is struck by an arc of lightning!
The bullfrog zombie is almost destroyed.
You are struck by an arc of lightning.
The bullfrog zombie is struck by an arc of lightning.
You destroy the bullfrog zombie!
The lightning grounds out.
You see here the +10 dagger of Arrival {speed, rF+ Str+3}.
x - the +10 dagger of Arrival {speed, rF+ Str+3} You feel stronger.
Your hands tingle!
x - the +10 dagger of Arrival (weapon)
{speed, rF+ Str+3} You drop a +1 long sword of electrocution.
You drop a scarf of harm.
You drop an amulet of faith.
Key pressed, stopping explore.
Found a stone staircase leading down.
A two-headed ogre comes into view.
It is wielding a +0 giant spiked club and a +0 giant club.
Found a helmet.
A two-headed ogre is nearby!
A two-headed ogre is nearby!
A two-headed ogre is nearby!
A two-headed ogre is nearby!
Casting: Static Discharge (safe; 1% risk of failure)
Confirm with . or Enter, or press ? or * to list all spells.
You feel quick.
The two-headed ogre shouts in stereo!
You start to feel a little slower.
You feel sluggish.
You start to feel a little faster.
You no longer feel sluggish.
The two-headed ogre hits you with a +0 giant spiked club!
The two-headed ogre hits you with a +0 giant club!!
* * * LOW HITPOINT WARNING * * *
There is a stone staircase leading up here.
You fly upwards.
There is a stone staircase leading down here.
The two-headed ogre hits you with a +0 giant spiked club!!
You die...

..........#.......#...#......#
..........#.......#...#......#
..................#...#......#
.#.###.#.###..###.#######....#
##.# #.#.# #.+#######.###....#
#..###.#.###.................#
#......#............<..[.....#
#..#########.................#
#..÷...#.....>.O@............#
...###.#.###.................#
##.# #.#.# #..################
#.###.#.###..# ##............#
############### # # #


You could see a two-headed ogre.

Vanquished Creatures
  Sigmund (D:4)
  A black bear (D:5)
  A centaur (D:5)
  A phantom (D:6)
  2 scorpions
  2 hounds (D:5)
  A bullfrog zombie (D:6)
  A centaur zombie (D:6)
  A jelly (D:6)
  A centaur skeleton (D:5)
  4 iguanas
  A bullfrog skeleton (D:6)
  Ijyb (D:4)
  Terence (D:2)
  A mummy (Ossuary)
  A gnoll (D:4)
  A howler monkey skeleton (D:6)
  6 adders
  A white imp (D:6)
  An ufetubus (D:5)
  2 worms
  2 dart slugs
  7 orcs
  7 ball pythons
  5 endoplasms
  4 giant cockroaches
  7 goblins
  13 hobgoblins
  4 jackals
  3 kobolds
  2 quokkas
  6 bats
  2 bat simulacra (Ossuary)
  2 frilled lizards
  12 gnoll zombies (Ossuary)
  2 goblin simulacra (Ossuary)
  6 goblin zombies (Ossuary)
  5 hobgoblin zombies (Ossuary)
  5 kobold simulacra (Ossuary)
  4 kobold zombies (Ossuary)
  3 orc zombies (Ossuary)
  6 rats
  3 rat simulacra (Ossuary)
  5 spectral goblins (Ossuary)
  8 spectral kobolds (Ossuary)
  2 spectral rats (Ossuary)
157 creatures vanquished.

Vanquished Creatures (collateral kills)
  An orc priest (D:5)
  An orc (D:5)
2 creatures vanquished.

Grand Total: 159 creatures vanquished

Notes
Turn   | Place    | Note
-------+----------+-------------------------------------------
     0 | D:1      | oldriver the Djinni Air Elementalist began the quest for
                  | the Orb.
     0 | D:1      | Reached XP level 1. HP: 15/15 MP: 0/0
   439 | D:1      | Reached XP level 2. HP: 18/21 MP: 0/0
   657 | D:1      | Reached skill level 3 in Spellcasting
   835 | D:1      | Reached XP level 3. HP: 24/25 MP: 0/0
   835 | D:1      | Learned a level 1 spell: Beastly Appendage
  1515 | D:2      | Noticed Terence
  1698 | D:2      | Found Neugiuh's Jewellery Boutique.
  2100 | D:2      | Reached XP level 4. HP: 25/31 MP: 0/0
  2437 | D:2      | Killed Terence
  2918 | D:3      | Found Pabraisu's Distillery.
  2983 | D:3      | Found Xuyzarche's Antique Weapon Boutique.
  3100 | D:3      | Found Calubibuf's Antique Armour Shop.
  3173 | D:3      | Reached XP level 5. HP: 35/36 MP: 0/0
  3173 | D:3      | Learned a level 2 spell: Ensorcelled Hibernation
  3176 | D:3      | Reached skill level 1 in Fighting
  3350 | D:3      | Found Giacigej's Armour Boutique.
  3822 | D:4      | Noticed a sky beast
  3996 | D:4      | Reached skill level 4 in Spellcasting
  4021 | D:4      | Identified the +3 chain mail "Nuykhlica" {rF+++ rC+ Will+
                  | Dex-4}
  4182 | D:4      | Noticed Sigmund
  4182 | D:4      | Noticed Ijyb
  4188 | D:5      | Entered Level 5 of the Dungeon
  4314 | D:5      | Reached XP level 6. HP: 20/42 MP: 0/0
  4317 | D:5      | Found a sand-covered staircase.
  4473 | Ossuary  | Entered an ossuary
  5801 | D:5      | Reached skill level 5 in Spellcasting
  5937 | D:5      | Reached XP level 7. HP: 36/48 MP: 0/0
  5937 | D:5      | Learned a level 3 spell: Teleport Other
  6077 | D:5      | Found a hazy altar of Hepliaklqana.
  6269 | D:5      | Found a shimmering altar of Xom.
  6270 | D:5      | Found a shimmering altar of Xom.
  6621 | D:5      | Found an ornate altar of the Wu Jian Council.
  7101 | D:4      | Killed Sigmund
  7102 | D:4      | Reached skill level 6 in Spellcasting
  7102 | D:4      | Reached XP level 8. HP: 13/55 MP: 0/0
  7114 | D:4      | Killed Ijyb
  7382 | D:4      | Found a stormy altar of Qazlal.
  8328 | D:6      | Found a white marble altar of Elyvilon.
  8335 | D:6      | Reached skill level 7 in Spellcasting
  8368 | D:6      | Found a glowing golden altar of the Shining One.
  8482 | D:6      | Identified the +10 dagger of Arrival {speed, rF+ Str+3}
  8659 | D:6      | Noticed a two-headed ogre
  8696 | D:5      | Mangled by a two-headed ogre

Illustrated notes

Levels and vault maps discovered:
D:1:      dpeg_arrival_arbitrary_c, layout_basic, kennysheep_doodads
D:2:      layout_loops_ring, serial_shops, nicolae_shop_waterfront, uniq_terence
D:3:      layout_loops_ring, serial_shops, shop, nicolae_lakefront_shop,
          nicolae_shop_competitors_out_of_business, shop_fountains,
          kennysheep_generic_room_6
D:4:      layout_basic, minmay_ruined_shrine, uniq_sigmund, uniq_ijyb
D:5:      layout_gridville, nicolae_overflow_crystal_walls, xom_redecorated,
          nzn_wu_jian_contemplation, enter_ossuary_5, minmay_misc_feat_cross,
          corexii_checkpoint_b
D:6:      layout_loops_ring, mainiacjoe_overflow_catwalk_spiral

Skill      XL: |  1  2  3  4  5  6  7  8 |
---------------+-------------------------+-----
Spellcasting   | 3 4 5 6 7 |  7.2
Fighting       | 1 2 |  2.8
Stealth        | 2 |  2.4
Dodging        | |  2.5

Action                   |  1- 3 |  4- 6 |  7- 9 || total
-------------------------+-------+-------+-------++-------
 Cast: Shock             |    83 |   204 |   100 ||   387
       Swiftness         |     1 |     1 |     2 ||     4
       Ensorcelled Hiber |       |     4 |     8 ||    12
       Static Discharge  |       |     5 |     8 ||    13
       Teleport Other    |       |       |     1 ||     1
       Airstrike         |       |       |     4 ||     4
  Use: Scroll            |       |     3 |       ||     3
       Potion            |       |       |     4 ||     4
Armor: Robe              |     4 |     2 |     2 ||     8
Dodge: Dodged            |    15 |    22 |     8 ||    45

Table legend: (Time is in decaauts)
 A = Elapsed time spent in this place.
 B = Non-inter-level travel time spent in this place.
 C = Inter-level travel time spent in this place.
 D = Time resting spent in this place.
 E = Time spent auto-exploring this place.
 F = Levels seen in this place.
 G = Mean time per level.
                   A        B        C        D        E       F      G
               +--------+--------+--------+--------+--------+-----+--------+
         Total |   8693 |   8422 |    271 |   2205 |   5238 |   7 | 1241.9 |
       Dungeon |   7497 |   7226 |    271 |   1637 |   4791 |   6 | 1249.5 |
       Ossuary |   1195 |   1195 |      0 |    568 |    447 |   1 | 1195.0 |
               +--------+--------+--------+--------+--------+-----+--------+

Top non-repeatable levels by time:
     D:1: 1683 daAuts
     D:5: 1457 daAuts
     D:4: 1260 daAuts
 Ossuary: 1195 daAuts
     D:2: 1167 daAuts
     D:3: 1018 daAuts
     D:6: 910 daAuts
